 Dungeon Crawl Stone Soup version 0.24.0-123-gd5b16e6ec5 (webtiles) character file.

Game seed: 4317667039011412990, levelgen mode: deterministic

106 Kobolds4U the Sneak (level 4, -6/21 HPs)
             Began as a Spriggan Conjurer on Dec 21, 2019.
             Killed from afar by an orc wizard (8 damage)
             ... with a puff of flame
             ... on level 3 of the Dungeon.
             The game lasted 00:06:38 (2287 turns).

Kobolds4U the Sneak (Spriggan Conjurer)             Turns: 2287, Time: 00:06:38

Health: -6/21      AC:  3    Str:  5    XL:     4   Next: 55%
Magic:  0/9        EV: 18    Int: 16    God:
Gold:   74         SH:  0    Dex: 16    Spells: 2/8 levels left

rFire    . . .     SeeInvis +   r - +3 dagger (holy)
rCold    . . .     Gourm    .   (shield restricted)
rNeg     . . .     Faith    .   a - +0 robe
rPois    .         Spirit   .   (helmet restricted)
rElec    .         Reflect  .   n - +0 cloak
rCorr    .         Harm     .   (gloves unavailable)
MR       .....                  (boots unavailable)
Stlth    ++++......             j - amulet of magic regeneration
HPRegen  0.07/turn              (no ring)
MPRegen  0.36/turn              (no ring)

@: very slightly contaminated, very quick
A: very small, unfitting armour, see invisible, herbivore, speed 3, slow
metabolism 2
a: no special abilities


You were on level 3 of the Dungeon.
You were not hungry.

You visited 1 branch of the dungeon, and saw 3 of its levels.

You collected 74 gold pieces.

Inventory:

Hand Weapons
 e - a +0 dagger
 r - a +3 dagger of holy wrath (weapon)
Armour
 a - a +0 robe (worn)
 n - a +0 cloak (worn)
Jewellery
 h - an uncursed ring of ice
 j - an amulet of magic regeneration (around neck)
 p - a +3 amulet of reflection {unknown}
 q - an uncursed ring of positive energy {unknown}
Scrolls
 b - 4 scrolls of identify {unknown}
 d - a scroll of immolation {unknown}
 f - a scroll of magic mapping {unknown}
 g - 2 scrolls of remove curse {unknown}
 i - a scroll of amnesia {unknown}
 k - 3 scrolls of fog {unknown}
 l - a scroll of enchant armour {unknown}
Potions
 m - a potion of curing {unknown}
 o - 2 potions of flight {unknown}
Comestibles
 c - 6 rations


   Skills:
 - Level 3.0 Dodging
 + Level 7.6 Stealth
 - Level 2.6 Spellcasting
 - Level 2.9 Conjurations


You had 2 spell levels left.
You knew the following spells:

 Your Spells              Type           Power        Failure   Level  Hunger
a - Magic Dart            Conj           ##..         6%          1    #......
b - Searing Ray           Conj           ##....       9%          2    ##.....
c - Dazzling Spray        Conj/Hex       #.....       32%         3    ###....

Your spell library contained the following spells:

 Spells                   Type           Power        Failure   Level  Hunger
 Iskenderun's Mystic Bla  Conj           ##......     50%         4    #####..
 Force Lance              Conj/Tloc      #.......     71%         4    #####..
 Fulminant Prism          Conj/Hex       #.........   71%         4    #####..


Dungeon Overview and Level Annotations

Branches:
Dungeon (3/15)

Altars:


Innate Abilities, Weirdness & Mutations

You are very small and have problems with some larger weapons.
You are too small for most types of armour.
You have supernaturally acute eyesight. (SInv)
You are a herbivore.
You cover ground extremely quickly.
You need to consume almost no food.


Message History

The spray of energy misses the orc wizard.
The orc wizard completely misses you. The orc wizard closely misses you.
Casting: Dazzling Spray (safe; 32% risk of failure)
Confirm with . or Enter, or press ? or * to list all spells.
Aiming: Dazzling Spray (safe; 32% risk of failure)
Press: ? - help, Shift-Dir - straight line, f/p - orc wizard
Aim: an orc wizard, wielding a -3 dagger and wearing a +0 robe (heavily wounded, fast)
The spray of energy misses the orc wizard.
The orc wizard hits you but does no damage.
Casting: Dazzling Spray (safe; 32% risk of failure)
Confirm with . or Enter, or press ? or * to list all spells.
Aiming: Dazzling Spray (safe; 32% risk of failure)
Press: ? - help, Shift-Dir - straight line, f/p - orc wizard
Aim: an orc wizard, wielding a -3 dagger and wearing a +0 robe (heavily wounded, fast)
You miscast Dazzling Spray.
You are very lightly contaminated with residual magic.
Nothing appears to happen.
The orc wizard gestures at you while chanting.
The puff of flame hits you!
You die...

#..##..# .#
#......##.# .####.
..$....##
.....##.......#
####.........>#
...........#.####.#
........(........#
..###......#.######
....(..@...(.##
.####.#o#..#(.##
#.#.#..#...#
..####.>........#
.......)..).†...#
.....#K....####..#
...# #..#### .(. ..
.....# ..(. †.....
#>...


You could see an orc wizard and a kobold.

Vanquished Creatures
  A gnoll (D:1)
  3 adders (D:2)
  2 worms
  2 dart slugs
  2 leopard geckos
  4 orcs
  5 bats
  2 giant cockroaches
  10 goblins
  2 hobgoblins
  3 jackals
  A quokka (D:2)
  3 frilled lizards
  6 kobolds
  9 rats
55 creatures vanquished.

Notes
Turn   | Place    | Note
-------+----------+-------------------------------------------
     0 | D:1      | Kobolds4U the Spriggan Conjurer began the quest for the
                  | Orb.
     0 | D:1      | Reached XP level 1. HP: 9/9 MP: 5/5
    56 | D:1      | Reached skill level 4 in Stealth
    56 | D:1      | Reached XP level 2. HP: 13/13 MP: 0/6
   459 | D:1      | Reached skill level 5 in Stealth
   666 | D:1      | Learned a level 2 spell: Searing Ray
   705 | D:1      | Reached XP level 3. HP: 16/16 MP: 6/8
  1028 | D:2      | Reached skill level 6 in Stealth
  1616 | D:2      | Reached XP level 4. HP: 21/21 MP: 9/9
  1621 | D:2      | Learned a level 3 spell: Dazzling Spray
  1711 | D:2      | Reached skill level 7 in Stealth
  2287 | D:3      | Killed from afar by an orc wizard

Levels and vault maps discovered:
D:1:      mrwooster_arrival_statue_2, layout_basic
D:2:      layout_basic, wad_floor_pattern_untrapped
D:3:      layout_rooms, yredelemnul_forgotten_temple_becter, first_ration

Skill      XL: |  1  2  3  4 |
---------------+-------------+-----
Stealth        | 4 5 6 7 |  7.6
Dodging        | |  3.0
Spellcasting   | |  2.6
Conjurations   | |  2.9

Action                   |  1- 3 |  4- 6 || total
-------------------------+-------+-------++-------
Melee: Dagger            |    20 |    32 ||    52
 Cast: Magic Dart        |    52 |    33 ||    85
       Searing Ray       |     2 |     3 ||     5
       Dazzling Spray    |       |     2 ||     2
  Use: Potion            |     2 |       ||     2
 Stab: Sleeping          |     6 |     5 ||    11
Armor: Robe              |     3 |     7 ||    10
Dodge: Dodged            |    37 |    36 ||    73
